 Dungeon Crawl Stone Soup version 0.19.0-16-g73b5abf (webtiles) character file.

56 dracos369 the Vexing (level 3, -1/14 HPs)
             Began as a Felid Enchanter on Nov 10, 2016.
             Slain by Grinder (6 damage)
             ... while paralysed by Grinder
             ... on level 3 of the Dungeon.
             The game lasted 00:09:12 (1596 turns).

dracos369 the Vexing (Felid Enchanter)              Turns: 1596, Time: 00:09:13

Health: -1/14      AC:  1    Str:  4    XL:     3   Next: 69%
Magic:  7/7        EV:  4    Int: 17    God:
Gold:   157        SH:  0    Dex: 16    Spells: 3 memorised, 0 levels left
                                        Lives:  0   Deaths: 1

rFire  . . .     SeeInvis +       - Unarmed
rCold  . . .     Gourm    .     (armour unavailable)
rNeg   . . .     Faith    .     (shield unavailable)
rPois  .         Spirit   .     (helmet unavailable)
rElec  .         Reflect  .     (cloak unavailable)
rCorr  .         Harm     .     (gloves unavailable)
MR     .....                    (boots unavailable)
Stlth  ++++......               (no amulet)
                                (no ring)
                                d - ring of stealth

@: paralysed, quick
A: no armour, no weapons or thrown items, stealth, claws 1, fangs 3, see
invisible, carnivore 3, speed 1, shaggy fur 1, slow metabolism 1, sharp paws
a: no special abilities


You were on level 3 of the Dungeon.
You were completely stuffed.

You visited 1 branch of the dungeon, and saw 3 of its levels.

You collected 157 gold pieces.

Inventory:

Jewellery
 d - a ring of stealth (left paw)
Wands
 k - a wand of slowing (12/48)
Scrolls
 c - 2 scrolls of enchant armour {unknown}
 g - 3 scrolls of identify {unknown}
 h - a scroll of teleportation {unknown}
 i - 2 scrolls of remove curse {unknown}
 l - a scroll of fear {unknown}
 o - a scroll of blinking {unknown}
 p - a scroll of amnesia {unknown}
Potions
 e - a potion of magic {unknown}
 f - 3 potions of heal wounds {unknown}
 j - a potion of invisibility {unknown}
Books
 a - a book of Maledictions

   Spells                             Type                      Level
   a - Corona                         Hexes                        1
   b - Ensorcelled Hibernation        Hexes/Ice                    2
   c - Confuse                        Hexes                        3
   d - Tukima's Dance                 Hexes                        3
   e - Dazzling Spray                 Conjuration/Hexes            3
Comestibles
 b - 3 meat rations
 m - a slice of pizza
 n - 5 chunks of flesh


   Skills:
 - Level 2.6 Dodging
 - Level 4.0 Stealth
 - Level 2.1 Unarmed Combat
 - Level 2.0 Spellcasting
 + Level 0.3 Conjurations
 + Level 5.9 Hexes
 - Level 2.0 Ice Magic


You couldn't memorise any spells.
You knew the following spells:

 Your Spells              Type           Power        Failure   Level  Hunger
a - Corona                Hex            ###....      1%          1    #......
b - Dazzling Spray        Conj/Hex       ##....       17%         3    ###....
e - Ensorcelled Hibernat  Hex/Ice        ###...       10%         2    ###....


Dungeon Overview and Level Annotations

Branches:
Dungeon (3/15)

Altars:
Fedhas

Annotations:
D:3 Grinder


Innate Abilities, Weirdness & Mutations

You cannot wear armour.
You are incapable of wielding weapons or throwing items.
Your paws allow you to move quietly. (Stealth)
You have sharp claws.
You have razor-sharp teeth.
You have supernaturally acute eyesight. (SInv)
You are carnivorous and can eat meat at any time.
You cover ground quickly.
You are covered in fur. (AC +1)
You have a slow metabolism.
Your sharp claws are effective at attacking unaware monsters.


Message History

Casting: Ensorcelled Hibernation
Confirm with . or Enter, or press ? or * to list all spells.
You can't see any susceptible monsters within range! (Use Z to cast anyway.)
You scratch Grinder. You bite Grinder, but do no damage.
Grinder is heavily wounded.
Grinder gestures at you. You resist with significant effort.
Casting: Ensorcelled Hibernation
Confirm with . or Enter, or press ? or * to list all spells.
Okay, then.
You scratch Grinder but do no damage.
Grinder is heavily wounded.
Grinder gestures at you.
You suddenly lose the ability to move!
Grinder barely misses you. Grinder hits you!
Ouch! That really hurt!
You writhe in agony.
Grinder hits you.
You die...

.# .# ### .#.# ..
#######.#.#### .#
........#....####5#
................@>#
.###....####.######
####.#.#####.#
#............#
#............#
#............#
#...............
#...........####
#...........#


You could see Grinder.

Vanquished Creatures
  Ijyb (D:2)
  A gnoll (D:2)
  An adder (D:2)
  A worm (D:2)
  A dart slug (D:1)
  A leopard gecko (D:1)
  2 ball pythons
  3 bats (D:2)
  7 goblins
  8 hobgoblins
  4 jackals (D:1)
  3 quokkas
  3 frilled lizards
  4 kobolds
  7 rats
47 creatures vanquished.

Notes
Turn   | Place    | Note
-------+----------+-------------------------------------------
     0 | D:1      | dracos369 the Felid Enchanter began the quest for the Orb.
     0 | D:1      | Reached XP level 1. HP: 7/7 MP: 4/4
   203 | D:1      | Reached XP level 2. HP: 11/11 MP: 6/6
   207 | D:1      | Learned a level 2 spell: Ensorcelled Hibernation
   600 | D:1      | Reached skill level 1 in Ice Magic
   786 | D:2      | Reached XP level 3. HP: 14/14 MP: 2/7
   816 | D:2      | Reached skill level 5 in Hexes
   839 | D:2      | Learned a level 3 spell: Dazzling Spray
   988 | D:2      | Noticed Ijyb
   998 | D:2      | Killed Ijyb
   998 | D:2      | Reached XP level 4. HP: 6/18 MP: 1/8
  1101 | D:2      | Slain by a goblin
  1102 | D:2      | Reached XP level 3. HP: -3/14 MP: 2/7
  1433 | D:3      | Found a blossoming altar of Fedhas.
  1586 | D:3      | Noticed Grinder
  1593 | D:3      | Paralysed by Grinder for 6 turns
  1596 | D:3      | Slain by Grinder

Skill      XL: |  1  2  3 |
---------------+----------+-----
Unarmed Combat | 2 |  2.1
Ice Magic      | 1 2 |  2.0
Hexes          | 5 |  5.9
Dodging        | |  2.6
Stealth        | |  4.0
Spellcasting   | |  2.0
Conjurations   | |  0.3

Action                   |  1- 3 |  4- 6 || total
-------------------------+-------+-------++-------
Melee: Unarmed           |    90 |    11 ||   101
       Bite              |     2 |     1 ||     3
 Cast: Corona            |     1 |       ||     1
       Ensorcelled Hiber |    25 |     4 ||    29
 Stab: Sleeping          |    28 |     2 ||    30
  Eat: Chunk             |    16 |       ||    16
Armor: Skin              |     5 |     3 ||     8
Dodge: Dodged            |    55 |    13 ||    68
